 Dungeon Crawl Stone Soup version 0.18-b1-10-g3f7de93 (webtiles) character file.

67 juanjsm the Sneak (level 4, -2/21 HPs)
             Began as a Spriggan Enchanter on Apr 29, 2016.
             Slain by a gnoll
             ... wielding a +0 spear
              (10 damage)
             ... on level 3 of the Dungeon.
             The game lasted 00:04:07 (954 turns).

juanjsm the Sneak (Spriggan Enchanter)               Turns: 954, Time: 00:04:07

Health: -2/21      AC:  3    Str:  4    XL:     4   Next: 0%
Magic:  7/9        EV: 18    Int: 17    God:
Gold:   63         SH:  0    Dex: 16    Spells: 3 memorised, 3 levels left

rFire  . . .     SeeInvis +     a - +1 dagger
rCold  . . .     Gourm    .     b - +1 robe
rNeg   . . .     Faith    .     (shield restricted)
rPois  .         Spirit   .     (helmet restricted)
rElec  .         Dismiss  .     (no cloak)
rCorr  .         Reflect  .     (gloves unavailable)
SustAt .         Harm     .     (boots unavailable)
MR     .....                    (no amulet)
Stlth  ++++......               (no ring)
                                (no ring)

@: very slightly contaminated, very quick, not resistant to hostile
enchantments, stealthy
A: unfitting armour, see invisible, herbivore 3, speed 3, slow metabolism 2
a: no special abilities


You were on level 3 of the Dungeon.
You were not hungry.

You visited 1 branch of the dungeon, and saw 3 of its levels.

You collected 63 gold pieces.

Inventory:

Hand Weapons
 a - a +1 dagger (weapon)
Armour
 b - a +1 robe (worn)
 h - a +0 buckler
Jewellery
 j - an uncursed ring of ice {unknown}
Scrolls
 e - 2 scrolls of identify {unknown}
 f - a scroll of enchant weapon {unknown}
 m - a scroll of magic mapping {unknown}
Potions
 g - a potion of cancellation {unknown}
 i - a potion of flight {unknown}
 k - a potion of degeneration {unknown}
 l - a potion of curing {unknown}
Books
 c - a book of Maledictions

   Spells                             Type                      Level
   a - Corona                         Hexes                        1
   b - Ensorcelled Hibernation        Hexes/Ice                    2
   c - Confuse                        Hexes                        3
   d - Tukima's Dance                 Hexes                        3
   e - Dazzling Spray                 Conjuration/Hexes            3
Comestibles
 d - a bread ration


   Skills:
 + Level 1.3 Short Blades
 + Level 3.2 Dodging
 + Level 5.9 Stealth
 * Level 0.4 Shields
 + Level 3.1 Spellcasting
 + Level 4.2 Hexes
 + Level 0.2 Ice Magic


You had 3 spell levels left.
You knew the following spells:

 Your Spells              Type           Power        Failure   Level  Hunger
a - Corona                Hex            ###....      2%          1    None
b - Ensorcelled Hibernat  Hex/Ice        ##....       12%         2    ##.....
c - Confuse               Hex            ###.....     10%         3    ###....


Dungeon Overview and Level Annotations

Branches:
Dungeon (3/15)

Altars:
Dithmenos


Innate Abilities, Weirdness & Mutations

You are tiny and cannot use many weapons and most armour.
You have supernaturally acute eyesight.
You are a herbivore.
You cover ground extremely quickly.
You need consume almost no food.


Message History

The helpless gnoll fails to defend itself.
You impale the gnoll!!
You kill the gnoll!
You have reached level 4!
A worm comes into view.
Found a faded altar to an unknown god.
The gnoll shouts! x2; The orc shouts!
The orc priest shouts!
The orc shouts! x2
Casting: Ensorcelled Hibernation
Confirm with . or Enter, or press ? or * to list all spells.
Aiming: Ensorcelled Hibernation
Press: ? - help, Shift-Dir - straight line, f - orc priest
Aim: an orc priest (chance to defeat MR: 41%)
You miscast Ensorcelled Hibernation.
You are very lightly contaminated with residual magic.
You shiver with cold.
The orc priest calls down the wrath of Beogh upon you.
Pain shoots through your body! The gnoll hits you with a spear.
The gnoll hits you but does no damage.
The gnoll hits you from afar with a spear!
You die...

##### #...#
#...# +...+
#...# #..<#
#..@#
####)..#######
#..w..go.....#
#.###..g.o...#
# #..o.....#
#........#
..........#
..8...######
..8.8..#


You could see a worm, 2 gnolls and 2 orcs.

Vanquished Creatures
  2 adders (D:2)
  A gnoll (D:3)
  A dart slug (D:1)
  2 giant geckos
  8 bats
  A giant cockroach (D:1)
  3 goblins
  3 hobgoblins
  5 jackals
  3 kobolds (D:2)
  A quokka (D:2)
  2 giant newts (D:1)
  3 rats (D:1)
35 creatures vanquished.

Notes
Turn   | Place    | Note
--------------------------------------------------------------
     0 | D:1      | juanjsm the Spriggan Enchanter began the quest for the Orb.
     0 | D:1      | Reached XP level 1. HP: 9/9 MP: 5/5
    91 | D:1      | Reached XP level 2. HP: 13/13 MP: 2/6
    95 | D:1      | Learned a level 2 spell: Ensorcelled Hibernation
   124 | D:2      | Found a shadowy altar of Dithmenos.
   255 | D:2      | Reached skill level 5 in Stealth
   414 | D:1      | Reached XP level 3. HP: 9/16 MP: 1/8
   419 | D:1      | Learned a level 3 spell: Confuse
   946 | D:3      | Reached XP level 4. HP: 21/21 MP: 9/9
   949 | D:3      | Found a faded altar to an unknown god.
   954 | D:3      | Slain by a gnoll

Skill      XL: |  1  2  3 |
---------------+----------+-----
Hexes          | 4 |  4.2
Stealth        | 5 |  5.9
Spellcasting   | 3 |  3.1
Short Blades   | |  1.3
Dodging        | |  3.2
Shields        | |  0.4
Ice Magic      | |  0.2

Action                   |  1- 3 |  4- 6 || total
-------------------------+-------+-------++-------
Melee: Dagger            |    89 |       ||    89
 Cast: Corona            |     7 |       ||     7
       Ensorcelled Hiber |    14 |       ||    14
 Stab: Sleeping          |    22 |       ||    22
Armor: Robe              |    10 |     1 ||    11
Dodge: Dodged            |    63 |       ||    63
